 Dungeon Crawl Stone Soup version 0.20-a0-1034-gb277f92 (webtiles) character file.

76188 Gorglomux the Covert (level 15, -2/113 HPs)
             Began as a Gnoll Skald on Apr 21, 2017.
             Was the Champion of Okawaru.
             Hit by a large rock thrown by a cyclops (32 damage)
             ... on level 13 of the Dungeon.
             The game lasted 01:09:46 (22364 turns).

Gorglomux the Covert (Gnoll Skald)                 Turns: 22364, Time: 01:09:47

Health: -2/113     AC: 19    Str: 13    XL:     15   Next: 52%
Magic:  44/46      EV: 22    Int: 23    God:    Okawaru [******]
Gold:   1213       SH:  4    Dex: 19    Spells: 16/32 levels left

rFire    + . .     SeeInvis .   s - +10 zealot's sword {holy, *Rage rN+ EV+3}
rCold    + + .     Gourm    +   (no shield)
rNeg     + . .     Faith    .   l - +3 leather armour of Wu Jian's Pride {rCorr MP+9 Int+7}
rPois    .         Spirit   .   S - +2 hat
rElec    .         Reflect  .   y - +2 cloak
rCorr    +         Harm     .   c - +2 pair of gloves "Gica" {rC++ MP+9 Int+2 Dex+2}
MR       +....     Rnd*Rage +   N - +2 pair of boots
Stlth    ++++......             K - amulet of the gourmand {Gourm, !d}
Regen    1.3/turn               e - ring of protection from fire {rF+, !d}
MPRegen  0.3/turn               R - ring of protection from magic {MR+, !d}

@: lethally poisoned (-2 -> -7), regenerating
A: short attention span, fangs 1, hooves 1, large bone plates 1, strong nose
a: Heroism, Finesse, Renounce Religion


You were on level 13 of the Dungeon.
You worshipped Okawaru.
Okawaru was exalted by your worship.
You were very full.

You visited 3 branches of the dungeon, and saw 21 of its levels.
You also visited: Sewer.

You collected 1268 gold pieces.
You spent 55 gold pieces at shops.

Inventory:

Hand Weapons
 a - a +7 demon trident of venom
   (You took it off Urug on level 11 of the Dungeon)
 b - a +2 hunting sling of flaming
   (Okawaru gifted it to you on level 2 of the Lair of Beasts)
 s - the +10 zealot's sword (weapon) {holy, *Rage rN+ EV+3}
   (You found it on level 11 of the Dungeon)

   It has been blessed by the Shining One to cause great damage to the undead
   and demons.
   It affects your evasion (+3).
   It protects you from negative energy.
   It may make you go berserk in combat.
 T - the +11 demon whip of Arrival {drain, rElec Str-3 SInv}
   (You found it on level 11 of the Dungeon)

   A truly terrible weapon, it drains the life of those it strikes.
   It affects your strength (-3).
   It insulates you from electricity.
   It lets you see invisible.
Missiles
 q - 222 sling bullets
Armour
 c - the +2 pair of gloves "Gica" (worn) {rC++ MP+9 Int+2 Dex+2}
   (Okawaru gifted it to you on level 3 of the Lair of Beasts)

   It affects your intelligence (+2).
   It affects your dexterity (+2).
   It greatly protects you from cold.
   It affects your magic capacity (+9).
 l - the +3 leather armour of Wu Jian's Pride (worn) {rCorr MP+9 Int+7}
   (You found it on level 5 of the Dungeon)

   It affects your intelligence (+7).
   It affects your magic capacity (+9).
   It protects you from acid and corrosion.
 y - a +2 cloak (worn)
   (You took it off Crazy Yiuf on level 6 of the Dungeon)
 N - a +2 pair of boots (worn)
   (You found it on level 2 of the Lair of Beasts)
 S - a +2 hat (worn)
   (You took it off Gastronok on level 3 of the Lair of Beasts)
Jewellery
 e - a ring of protection from fire (left hand) {rF+, !d}
   (You found it on level 1 of the Dungeon)
 x - an uncursed ring of resist corrosion
   (You found it on level 3 of the Lair of Beasts)
 F - an uncursed ring of wizardry {Wiz+, !d}
   (You found it on level 3 of the Dungeon)
 K - an amulet of the gourmand (around neck) {Gourm, !d}
   (You found it on level 14 of the Dungeon)
 R - a ring of protection from magic (right hand) {MR+, !d}
   (You found it on level 7 of the Dungeon)
 X - an uncursed ring of poison resistance {rPois, !d}
   (You found it on level 9 of the Dungeon)
Wands
 L - a wand of acid (14/15)
   (You found it on level 9 of the Dungeon)
 V - a wand of digging (7/24)
   (You found it on level 10 of the Dungeon)
 W - a wand of scattershot (6/9)
   (You found it on level 2 of the Lair of Beasts)
 Y - a wand of iceblast (4/15)
   (You found it on level 12 of the Dungeon)
Scrolls
 i - 3 scrolls of teleportation
 m - 2 scrolls of fear
 n - 4 scrolls of immolation {!r}
 o - 3 scrolls of fog
 r - a scroll of magic mapping {!r}
 v - 3 scrolls of enchant weapon
 w - 3 scrolls of amnesia
 z - 7 scrolls of identify
 C - a scroll of recharging
 E - 13 scrolls of remove curse
 G - a scroll of blinking {!r}
 U - 3 scrolls of enchant armour
Potions
 g - 2 potions of ambrosia
 h - 2 potions of lignification {!q}
 j - 7 potions of curing
 p - 3 potions of mutation {!q}
 t - a potion of magic
 u - 3 potions of heal wounds
 A - a potion of resistance
 B - 6 potions of flight
 D - 2 potions of brilliance
 I - a potion of haste
 J - a potion of cancellation
 O - a potion of berserk rage {unknown}
 P - 2 potions of invisibility
 Q - 3 potions of might
Books
 M - a book of Callings
   (You found it on level 12 of the Dungeon)
Comestibles
 d - 13 bread rations {@e1@e1}
 f - 12 meat rations {@e2@e2}
 k - 15 royal jellies
 H - 47 fruits


   Skills:
 - Level 9.0 Fighting
 * Level 8.5 Maces & Flails
 - Level 9.0 Polearms
 - Level 9.0(9.9) Slings
 - Level 9.4(10.1) Throwing
 - Level 9.0 Armour
 - Level 9.0 Dodging
 - Level 10.0 Stealth
 - Level 9.1 Spellcasting
 - Level 9.0 Hexes
 - Level 9.1 Charms
 - Level 9.1 Necromancy
 - Level 9.1 Translocations
 - Level 9.0 Invocations
 - Level 8.0 Evocations


You had 16 spell levels left.
You knew the following spells:

 Your Spells              Type           Power        Failure   Level  Hunger
a - Infusion              Chrm           ####         1%          1    None
b - Fulminant Prism       Conj/Hex       ####......   12%         4    ##.....
c - Confuse               Hex            ######..     1%          3    None
r - Regeneration          Chrm/Necr      ######....   1%          3    None
s - Shroud of Golubria    Chrm/Tloc      ######....   1%          2    None
z - Spectral Weapon       Hex/Chrm       ######..     1%          3    None


Dungeon Overview and Level Annotations

Branches:
Dungeon (14/15)            Temple (1/1) D:5            Lair (6/6) D:10
 Shoals (0/4) Lair:3       Spider (0/4) Lair:2        Slime (0/5) Lair:6
    Orc (0/2) D:12
 Vaults: D:13-14

Altars:
Ashenzari
Cheibriados
Dithmenos
Elyvilon
Fedhas
Gozag
Hepliaklqana
Kikubaaqudgha
Nemelex Xobeh
Okawaru
Qazlal
Ru
Sif Muna
Trog
Vehumet
Xom
Yredelemnul
Zin
Jiyva

Shops:
D:14 *

Annotations:
D:11 2 runed doors


Innate Abilities, Weirdness & Mutations

You have a short attention span.
You have very sharp teeth.
Your uncanny sense of smell can sniff out nearby items.
You have large cloven feet.
You are partially covered in large bone plates. (SH +4)


Message History

The killer bee closely misses you.
You riposte.
You miss the killer bee.
You take 4 damage, and have 52/113 hp.
You now have 42/46 mp.
You slash the killer bee!
You kill the killer bee!
Okawaru accepts your kill.
Your skin is crawling a little less now.
The centaur warrior hits you but does no damage.
The bullfrog snags a nearby millipede with its tongue.
The green ugly thing kicks your spectral weapon.
Your spectral weapon shares its damage with you!
The centaur warrior completely misses you.
The crimson imp zaps a wand.
You resist with almost no effort.
It is a wand of paralysis (?/24).
You take 2 damage, and have 50/113 hp.
You slice the centaur warrior!!
Your spectral weapon hits the centaur warrior!
The centaur warrior hits your spectral weapon!
Your spectral weapon shares its damage with you!
The green ugly thing misses your spectral weapon.
The crimson imp blinks!
The centaur warrior hits your spectral weapon but does no damage.
You take 1 damage, and have 49/113 hp.
You slash the centaur warrior!
You kill the centaur warrior!
Okawaru accepts your kill. The bullfrog completely misses you.
The green ugly thing barely misses your spectral weapon.
You slash the bullfrog!
Your spectral weapon closely misses the bullfrog.
The bullfrog barely misses you.
You riposte.
You hit the bullfrog. Your bite misses the bullfrog.
The green ugly thing closely misses your spectral weapon.
The bullfrog hits you but does no damage.
You regained 2 hp, and now have 52/113 hp.
You slash the bullfrog!
You kill the bullfrog!
Okawaru accepts your kill.
The centaur wields a shortbow.
The centaur shoots an arrow.
The arrow closely misses you.
The green ugly thing completely misses your spectral weapon.
The centaur shoots an arrow.
The arrow hits you!
The green ugly thing kicks your spectral weapon but does no damage.
You take 11 damage, and have 41/113 hp.
A cyclops comes into view.
Your skin stops crawling.
Your spectral weapon fades away.
The centaur unwields an uncursed shortbow.
You block the centaur's attack. The green ugly thing misses you.
You riposte.
You slash the green ugly thing!
You bite the green ugly thing, but do no damage.
Items here: ( ) †† a shortbow; 16 arrows; a bullfrog corpse; a centaur corpse You barely miss the green ugly thing.
You bite the green ugly thing, but do no damage.
You block the centaur's attack. The crimson imp closely misses you.
The centaur closely misses you.
You riposte.
You slash the centaur!
The green ugly thing completely misses you.
Unknown command.
Your skin crawls.
The centaur completely misses you.
The crimson imp zaps a wand.
You resist with almost no effort.
The green ugly thing completely misses you.
You now have 42/46 mp.
You hit the green ugly thing. The centaur completely misses you.
You riposte.
You hit the centaur. Your bite misses the centaur.
The crimson imp hits you but does no damage.
The centaur misses you.
Your shroud bends the green ugly thing's attack away!
The crimson imp zaps a wand.
You suddenly lose the ability to move!
The centaur hits you but does no damage.
The green ugly thing completely misses you.
The centaur hits you but does no damage.
The crimson imp hits you but does no damage.
Your shroud bends the centaur's attack away.
The green ugly thing kicks you.
You are poisoned.
The green ugly thing poisons you!
The crimson imp hits you but does no damage.
You feel very sick.
The centaur hits you but does no damage.
The green ugly thing kicks you but does no damage.
The centaur hits you but does no damage.
You feel very sick.
The centaur hits you but does no damage.
The green ugly thing kicks you but does no damage.
You feel very sick. The centaur barely misses you.
The green ugly thing kicks you.
Your shroud falls apart!
The centaur hits you.
* * * LOW HITPOINT WARNING * * *
You can move again.
You take 13 damage, and have 30/113 hp.
You regained 2 mp, and now have 44/46 mp.
Unknown command.
You feel sick.
The centaur wields an uncursed shortbow.
The centaur shoots an arrow.
You block the arrow.
The cyclops throws a large rock.
The large rock hits you!!
You die...

#$# #......=..#.## .#
#.# ##..####.....##.#
#...$...# #......#.#
∆#
######...∆##........#
.# #### #.$.......#
..# ##.5...(.## (.#
##cC...## ..#
##)uc.######## ...
#@(#.#......?. ..#
#)##.#.####### ∆
.(....#.# #.##.####.#
# #.# #.# ### #.# ∆
∆∆ #.# ∆∆ ..# ∆ ∆ ###


You could see a green ugly thing, a cyclops, 2 centaurs and a crimson imp.

Vanquished Creatures
  Rupert (Lair:4)
  The ghost of Gorice the Warrior, an adept KoEn of Okawaru (D:14)
  Frances (D:13)
  Gastronok (Lair:3)
  A fire dragon (Lair:6)
  The ghost of Dirtsage the Cleaver, a journeyman MiGl of Okawaru (D:10)
  8 hydras
  4 two-headed ogres
  2 centaur warriors (D:13)
  An ogre mage (D:11)
  Urug (D:11)
  4 unseen horrors
  2 lindwurms (Lair:6)
  An orc knight (D:11)
  A wolf spider zombie (D:12)
  4 ugly things (D:14)
  4 cyclopes
  5 centaur zombies
  3 elephants (Lair:6)
  4 black mambas
  3 molten gargoyles (Lair:6)
  Psyche (D:12)
  A torpor snail (Lair:4)
  4 rime drakes
  13 spiny frogs
  8 komodo dragons
  A redback zombie (D:14)
  3 jumping spiders (Lair:2)
  A meliai (D:13)
  2 hornets
  2 polar bears
  A queen bee (D:9)
  5 slime creatures (D:12)
  24 blink frogs
  12 hippogriffs
  5 dream sheep (Lair:5)
  A vampire (D:8)
  A shadow (D:14)
  7 redbacks (Lair:2)
  7 basilisks
  36 yaks
  5 wyverns
  Grum (D:8)
  A steam dragon (D:10)
  3 hungry ghosts
  3 vampire mosquitoes (D:14)
  17 water moccasins
  3 hell hounds (Lair:6)
  13 porcupines
  5 orc warriors
  3 ice beasts
  3 phantoms
  4 sky beasts
  3 eyes of draining
  A necrophage (D:12)
  4 ogres
  48 wolves
  25 centaurs
  20 crocodiles
  2 big kobolds
  19 bullfrogs
  A gnoll sergeant (D:4)
  A wyvern zombie (D:12)
  A wyvern skeleton (D:7)
  2 scorpions
  24 killer bees
  12 wights
  2 electric eels (Lair:5)
  7 howler monkeys
  10 crimson imps
  6 hounds
  2 lava snakes (Lair:6)
  2 quasits
  3 jellies
  14 orc wizards
  8 orc priests
  A bullfrog skeleton (D:11)
  2 centaur skeletons
  9 iguanas
  Crazy Yiuf (D:6)
  5 worker ants
  5 hell rats (Lair:1)
  A hound zombie (D:11)
  A hound skeleton (D:8)
  A worker ant zombie (D:10)
  Robin (D:2)
  9 gnolls
  8 adders
  12 river rats
  2 shadow imps
  2 oozes (D:4)
  An adder zombie (D:6)
  3 adder skeletons
  3 worms
  A dart slug (D:1)
  11 leopard geckos
  54 orcs
  5 giant cockroaches
  15 goblins
  11 hobgoblins
  8 jackals
  14 quokkas
  7 bats
  8 frilled lizards
  A jackal skeleton (D:4)
  13 kobolds
  A leopard gecko zombie (D:5)
  22 rats
704 creatures vanquished.

Vanquished Creatures (others)
  A centaur (D:13)
  11 fungi
  2 plants
  26 spectral weapons
  2 withered plants (D:14)
42 creatures vanquished.

Grand Total: 746 creatures vanquished

Notes
Turn   | Place    | Note
-------+----------+-------------------------------------------
     0 | D:1      | Gorglomux the Gnoll Skald began the quest for the Orb.
     0 | D:1      | Reached XP level 1. HP: 18/18 MP: 4/4
    68 | D:1      | Reached skill level 4 in Polearms
    68 | D:1      | Reached XP level 2. HP: 14/24 MP: 0/6
   517 | D:1      | Reached skill level 5 in Polearms
   517 | D:1      | Reached XP level 3. HP: 27/29 MP: 2/7
  1287 | D:2      | Noticed Robin
  1317 | D:2      | Killed Robin
  1317 | D:2      | Reached skill level 6 in Polearms
  1317 | D:2      | Reached XP level 4. HP: 25/35 MP: 0/8
  1667 | D:2      | Learned a level 3 spell: Regeneration
  1671 | D:2      | Learned a level 3 spell: Spectral Weapon
  2070 | D:2      | Reached skill level 1 in Hexes
  2070 | D:2      | Reached skill level 1 in Necromancy
  2505 | D:3      | Found a sparkling altar of Nemelex Xobeh.
  2508 | D:3      | Found a blossoming altar of Fedhas.
  2512 | D:3      | Found a radiant altar of Vehumet.
  2514 | D:3      | Found a deep blue altar of Sif Muna.
  2595 | D:3      | Reached XP level 5. HP: 41/41 MP: 7/10
  2952 | D:3      | Reached skill level 2 in Necromancy
  2965 | D:3      | Found a glowing drain.
  3056 | Sewer    | Entered a sewer
  3069 | Sewer    | Reached skill level 2 in Hexes
  3071 | Sewer    | Reached skill level 5 in Charms
  3122 | Sewer    | Noticed a big kobold
  3160 | Sewer    | Killed a big kobold
  3160 | Sewer    | Reached skill level 4 in Spellcasting
  3160 | Sewer    | Reached XP level 6. HP: 22/47 MP: 4/12
  3326 | Sewer    | Found a white marble altar of Elyvilon.
  3687 | D:3      | Reached skill level 3 in Hexes
  3858 | D:4      | Reached skill level 2 in Armour
  4109 | D:4      | Reached skill level 7 in Polearms
  4200 | D:4      | Noticed a phantom
  4282 | D:4      | Killed a phantom
  4282 | D:4      | Reached skill level 3 in Armour
  4282 | D:4      | Reached XP level 7. HP: 45/53 MP: 8/13
  4317 | D:4      | Reached skill level 4 in Fighting
  4317 | D:4      | Reached skill level 4 in Dodging
  4645 | D:5      | Entered Level 5 of the Dungeon
  5059 | D:5      | Reached skill level 4 in Armour
  5299 | D:5      | Reached skill level 8 in Polearms
  5350 | D:5      | Reached XP level 8. HP: 52/61 MP: 9/14
  5377 | D:5      | Reached skill level 5 in Fighting
  5390 | D:5      | Reached skill level 5 in Dodging
  5581 | D:5      | Found a staircase to the Ecumenical Temple.
  5588 | Temple   | Entered the Ecumenical Temple
  5669 | Temple   | Became a worshipper of Warmaster Okawaru
  5751 | D:5      | Got a warped leather armour
  6204 | D:6      | Reached skill level 5 in Armour
  6615 | D:6      | Found a runed door.
  6858 | D:6      | Noticed Crazy Yiuf
  6863 | D:6      | Killed Crazy Yiuf
  6885 | D:6      | Identified the +3 leather armour of Wu Jian's Pride {rCorr MP+9 Int+7} (You found it on level 5 of the Dungeon)
  7026 | D:7      | Noticed a hippogriff
  7033 | D:7      | Killed a hippogriff
  7033 | D:7      | Reached * piety under Okawaru
  7033 | D:7      | Reached skill level 6 in Fighting
  7033 | D:7      | Reached skill level 9 in Polearms
  7033 | D:7      | Reached skill level 6 in Armour
  7033 | D:7      | Reached skill level 6 in Dodging
  7066 | D:7      | Reached XP level 9. HP: 68/71 MP: 15/15
  7124 | D:7      | Reached skill level 7 in Fighting
  7124 | D:7      | Reached skill level 7 in Armour
  7124 | D:7      | Reached skill level 7 in Dodging
  7189 | D:7      | HP: 14/72 [orc priest/mace (8)]
  7308 | D:7      | Reached ** piety under Okawaru
  7456 | D:7      | Reached skill level 8 in Fighting
  7477 | D:7      | Reached skill level 8 in Armour
  7764 | D:7      | Reached skill level 8 in Dodging
  7963 | D:8      | Reached *** piety under Okawaru
  8003 | D:8      | Noticed Grum
  8009 | D:8      | Reached XP level 10. HP: 51/82 MP: 3/16
  8029 | D:8      | Killed Grum
  8045 | D:8      | Reached skill level 9 in Armour
  8049 | D:8      | HP: 20/82 [wight/spear of freezing (6)]
  8126 | D:8      | Reached skill level 9 in Fighting
  8268 | D:8      | Learned a level 2 spell: Shroud of Golubria
  8386 | D:8      | Reached skill level 1 in Slings
  8386 | D:8      | Reached skill level 9 in Dodging
  8461 | D:8      | Found a basalt altar of Yredelemnul.
  8650 | D:8      | Found a white marble altar of Elyvilon.
  8926 | D:9      | Reached skill level 1 in Translocations
  8926 | D:9      | Reached skill level 1 in Evocations
  8932 | D:9      | Reached skill level 2 in Slings
  8932 | D:9      | Reached skill level 3 in Necromancy
  8932 | D:9      | Reached skill level 1 in Invocations
  8936 | D:9      | Reached **** piety under Okawaru
  9025 | D:9      | Reached skill level 6 in Charms
  9201 | D:9      | Reached skill level 2 in Evocations
  9214 | D:9      | Reached skill level 2 in Translocations
  9302 | D:9      | Reached skill level 2 in Invocations
  9306 | D:9      | Reached skill level 4 in Hexes
  9309 | D:9      | Gained mutation: You are partially covered in large bone plates. (SH +4) [potion of mutation]
  9309 | D:9      | Gained mutation: You are partially covered in icy blue scales. (AC +2) [potion of mutation]
  9309 | D:9      | Lost mutation: You are partially covered in icy blue scales. (AC +2) [potion of mutation]
  9309 | D:9      | Gained mutation: You have large cloven feet. [potion of mutation]
  9337 | D:9      | Reached skill level 3 in Slings
  9350 | D:9      | Reached skill level 5 in Spellcasting
  9651 | D:9      | Reached skill level 3 in Translocations
  9698 | D:9      | Reached skill level 3 in Invocations
  9797 | D:10     | Entered Level 10 of the Dungeon
  9863 | D:10     | Noticed Dirtsage's ghost (journeyman MiGl)
  9953 | D:10     | Killed Dirtsage's ghost
  9953 | D:10     | Reached ***** piety under Okawaru
  9953 | D:10     | Reached skill level 5 in Hexes
  9953 | D:10     | Reached skill level 7 in Charms
  9953 | D:10     | Reached skill level 4 in Necromancy
  9953 | D:10     | Reached skill level 4 in Translocations
  9953 | D:10     | Reached skill level 3 in Evocations
  9953 | D:10     | Reached XP level 11. HP: 51/89 MP: 10/19
 10194 | D:10     | Reached skill level 6 in Spellcasting
 10198 | D:10     | Reached skill level 4 in Slings
 10210 | D:10     | Reached skill level 4 in Evocations
 10252 | D:10     | Noticed a two-headed ogre
 10260 | D:10     | Killed a two-headed ogre
 10260 | D:10     | Reached skill level 4 in Invocations
 10331 | D:10     | Received a gift from Okawaru
 10334 | D:10     | Got a shimmering scale mail {god gift}
 10345 | D:10     | Identified the +1 scale mail of the Frog {*Drain rElec rF++} (Okawaru gifted it to you on level 10 of the Dungeon)
 10642 | D:10     | Reached skill level 5 in Necromancy
 10666 | D:10     | Reached skill level 5 in Slings
 10844 | D:10     | Found a staircase to the Lair.
 10892 | D:10     | Reached skill level 5 in Translocations
 10931 | Lair:1   | Entered Level 1 of the Lair of Beasts
 10983 | Lair:1   | Reached skill level 7 in Spellcasting
 10986 | Lair:1   | Reached skill level 6 in Hexes
 11006 | Lair:1   | Reached skill level 5 in Evocations
 11039 | Lair:1   | Reached skill level 6 in Necromancy
 11042 | Lair:1   | Reached skill level 6 in Slings
 11076 | Lair:1   | Reached skill level 5 in Invocations
 11487 | Lair:1   | Gorglomux: !lg * gn win
 11487 | Lair:1   | beem: 20. Osk the Warrior (L27 GnBe of Makhleb), escaped with the Orb and 4 runes on 2017-04-20 18:30:45, with 2396959 points after 74426 turns and 8:14:26.
 11487 | Lair:1   | Gorglomux: !lg * gn win -log
 11487 | Lair:1   | beem: 20. Osk, XL27 GnBe, T:74426: http://crawl.akrasiac.org/rawdata/Osk/morgue-Osk-20170420-183045.txt
 11487 | Lair:1   | Gorglomux: !lg * gn win -log -2
 11487 | Lair:1   | beem: 19/20. wearedevo, XL27 GnTm, T:71622: https://crawl.project357.org/morgue/wearedevo/morgue-wearedevo-20170420-134958.txt
 11487 | Lair:1   | Gorglomux: !lg * gnsk win -log -2
 11487 | Lair:1   | beem: 1/2. araganzar, XL27 GnSk, T:70086: http://crawl.berotato.org/crawl/morgue/araganzar/morgue-araganzar-20170408-002223.txt
 11488 | Lair:1   | Gorglomux: !lg * gnsk win -log
 11488 | Lair:1   | beem: 2. hexaflexagon, XL27 GnSk, T:102139: http://crawl.develz.org/morgues/trunk/hexaflexagon/morgue-hexaflexagon-20170415-161129.txt
 11494 | Lair:1   | Reached skill level 6 in Translocations
 11506 | Lair:1   | Reached XP level 12. HP: 92/95 MP: 23/23
 11528 | Lair:1   | Got an ichor-stained robe
 11586 | Lair:1   | Reached skill level 8 in Charms
 11925 | Lair:1   | Reached skill level 7 in Slings
 11925 | Lair:1   | Reached skill level 7 in Hexes
 12396 | Lair:2   | HP: 23/95 [poisoned by a redback]
 12396 | Lair:2   | Reached skill level 6 in Invocations
 12469 | Lair:2   | Reached skill level 7 in Necromancy
 12492 | Lair:2   | Found a hole to the Spider Nest.
 12512 | Lair:2   | Reached ****** piety under Okawaru
 12529 | Lair:2   | HP: 23/95 [poisoned by a redback]
 12534 | Lair:2   | HP: 20/95 [poisoned by a redback]
 12540 | Lair:2   | HP: 19/95 [poisoned by a redback]
 12546 | Lair:2   | HP: 18/95 [poisoned by a redback]
 12554 | Lair:2   | HP: 18/95 [poisoned by a redback]
 12624 | Lair:2   | Reached skill level 7 in Translocations
 12800 | Lair:2   | Reached skill level 8 in Spellcasting
 12800 | Lair:2   | Reached skill level 6 in Evocations
 13417 | Lair:2   | Received a gift from Okawaru
 13657 | Lair:3   | Found a staircase to the Shoals.
 13694 | Lair:2   | Reached skill level 7 in Invocations
 14055 | Lair:3   | Reached skill level 8 in Slings
 14164 | Lair:3   | Reached skill level 7 in Evocations
 14167 | Lair:3   | Reached XP level 13. HP: 83/101 MP: 12/25
 14169 | Lair:3   | Received a gift from Okawaru
 14171 | Lair:3   | Reached skill level 8 in Necromancy
 14186 | Lair:3   | Got a pair of encrusted gloves {god gift}
 14192 | Lair:3   | Identified the +2 pair of gloves "Gica" {rC++ MP+9 Int+2 Dex+2} (Okawaru gifted it to you on level 3 of the Lair of Beasts)
 14359 | Lair:3   | Noticed Gastronok
 14377 | Lair:3   | Killed Gastronok
 14377 | Lair:3   | Reached skill level 9 in Spellcasting
 14377 | Lair:3   | Reached skill level 8 in Hexes
 14377 | Lair:3   | Reached skill level 8 in Translocations
 14725 | Lair:4   | Reached skill level 9 in Charms
 14726 | Lair:4   | Reached skill level 8 in Invocations
 15071 | Lair:4   | Noticed Rupert
 15073 | Lair:4   | Paralysed by Rupert for 2 turns
 15087 | Lair:4   | HP: 13/101 [Rupert/great mace of protection (26)]
 15108 | Lair:4   | Paralysed by Rupert for 5 turns
 15126 | Lair:4   | Paralysed by Rupert for 2 turns
 15131 | Lair:4   | Killed Rupert
 15131 | Lair:4   | Reached skill level 8 in Evocations
 15882 | Lair:5   | HP: 23/101 [yak (10)]
 15978 | Lair:5   | Received a gift from Okawaru
 15978 | Lair:5   | Reached skill level 9 in Slings
 16097 | Lair:5   | Reached skill level 9 in Necromancy
 16101 | Lair:5   | Reached skill level 9 in Translocations
 16150 | Lair:5   | Received a gift from Okawaru
 16502 | Lair:5   | Reached skill level 9 in Hexes
 16502 | Lair:5   | Reached XP level 14. HP: 98/108 MP: 27/27
 16638 | Lair:5   | Reached skill level 9 in Invocations
 16898 | Lair:6   | Entered Level 6 of the Lair of Beasts
 16922 | Lair:6   | Reached skill level 2 in Stealth
 16930 | Lair:6   | Reached skill level 3 in Stealth
 16942 | Lair:6   | Found a staircase to the Slime Pits.
 16943 | Lair:6   | Found a viscous altar of Jiyva.
 16955 | Lair:6   | Reached skill level 4 in Stealth
 17006 | Lair:6   | Received a gift from Okawaru
 17061 | Lair:6   | Identified a scroll of acquirement
 17064 | Lair:6   | Got a pitted glaive
 17065 | Lair:6   | Identified the +2 glaive of Ygroly {antimagic, rPois rC+ Str+3} (You acquired it on level 6 of the Lair of Beasts)
 17100 | Lair:6   | Reached skill level 5 in Stealth
 17124 | Lair:6   | HP: 27/108 [blink frog (11)]
 17130 | Lair:6   | HP: 18/108 [poisoned by a spiny frog]
 17243 | Lair:6   | Reached skill level 6 in Stealth
 17348 | Lair:6   | Received a gift from Okawaru
 17370 | Lair:6   | Reached skill level 7 in Stealth
 17617 | Lair:6   | Reached skill level 8 in Stealth
 17644 | Lair:6   | Got a dazzling leather armour
 17803 | Lair:6   | Reached skill level 9 in Stealth
 18455 | Lair:6   | Found a large runed door.
 18668 | Lair:6   | Found a large runed door.
 18928 | Lair:6   | Reached skill level 10 in Stealth
 19022 | Lair:5   | Reached skill level 1 in Throwing
 19023 | Lair:5   | Received a gift from Okawaru
 19025 | Lair:5   | Reached skill level 2 in Throwing
 19040 | Lair:5   | Got a twisted long sword {god gift}
 19041 | Lair:5   | Identified the +6 long sword "Icsimes" {drain, Str+8 Dex+2 Stlth-} (Okawaru gifted it to you on level 5 of the Lair of Beasts)
 19163 | D:11     | Reached skill level 3 in Throwing
 19221 | D:11     | Identified the +3 leather armour of Kawoe {Regen+} (You found it on level 6 of the Lair of Beasts)
 19315 | D:11     | Reached skill level 4 in Throwing
 19669 | D:11     | Reached skill level 5 in Throwing
 19731 | D:11     | Found a large runed door.
 19731 | D:11     | Found a large runed door.
 19740 | D:11     | Noticed Urug
 19757 | D:11     | HP: 24/108 [Urug/enchanted demon trident (29)]
 19758 | D:11     | HP: 7/108 [Urug/enchanted demon trident (18)]
 19779 | D:11     | Killed Urug
 20039 | D:11     | Found a large runed door.
 20039 | D:11     | Found a large runed door.
 20068 | D:11     | Reached skill level 6 in Throwing
 20255 | D:11     | Reached skill level 7 in Throwing
 20275 | D:11     | Got an ichor-stained war axe
 20276 | D:11     | Identified the +10 war axe of the Sneaky Mice {pain, rElec MR+ Str+2 Dex+3} (You found it on level 11 of the Dungeon)
 20365 | D:11     | Got a bloodstained demon whip
 20366 | D:11     | Identified the +11 demon whip of Arrival {drain, rElec Str-3 SInv} (You found it on level 11 of the Dungeon)
 20384 | D:11     | Learned a level 4 spell: Fulminant Prism
 20388 | D:11     | Learned a level 3 spell: Confuse
 20501 | D:11     | You fall through a shaft for 3 floors!
 20533 | D:14     | Reached skill level 8 in Throwing
 20566 | D:14     | Noticed Gorice's ghost (adept KoEn)
 20622 | D:14     | HP: 15/108 [Gorice's ghost/spray of energy (42)]
 20630 | D:14     | Found Poorhekk's General Store.
 20642 | D:14     | HP: 25/108 [cyclops (5)]
 20649 | D:14     | HP: 11/108 [cyclops/large rock (23)]
 20657 | D:14     | Reached XP level 15. HP: 21/113 MP: 28/28
 20775 | D:14     | Received a gift from Okawaru
 20883 | D:14     | Killed Gorice's ghost
 20883 | D:14     | Received a gift from Okawaru
 20883 | D:14     | Reached skill level 9 in Throwing
 20918 | D:14     | Bought a scroll of identify for 22 gold pieces
 20918 | D:14     | Bought a scroll of teleportation for 33 gold pieces
 21163 | D:13     | Reached skill level 1 in Maces & Flails
 21168 | D:13     | Reached skill level 2 in Maces & Flails
 21185 | D:13     | Reached skill level 3 in Maces & Flails
 21218 | D:12     | Reached skill level 4 in Maces & Flails
 21370 | D:12     | Noticed Psyche
 21384 | D:12     | Killed Psyche
 21469 | D:12     | Reached skill level 5 in Maces & Flails
 21685 | D:12     | Reached skill level 6 in Maces & Flails
 21821 | D:12     | Found a staircase to the Orcish Mines.
 21839 | D:12     | Gorglomux: ??zealot sword
 21839 | D:12     | beem: zealot sword ~ zealot's sword ~ sword of righteousness[1/2]: +10 eudemon blade of holy wrath, berserkitis, rN+, EV+3, and stealth-. The berserkitis triggers on 3% of attacks. Going berserk (by any means) while wielding this sword will cause all natural-holiness allies in LOS to go berserk as well.
 21985 | D:12     | Gorglomux: ??zealot sword[2
 21985 | D:12     | beem: zealot sword ~ zealot's sword ~ sword of righteousness[2/2]: Seen in a shop for 40202 gold.
 22064 | D:13     | Reached skill level 7 in Maces & Flails
 22331 | D:13     | Noticed Frances
 22343 | D:13     | Killed Frances
 22343 | D:13     | Reached skill level 8 in Maces & Flails
 22358 | D:13     | Paralysed by a crimson imp for 6 turns
 22364 | D:13     | Hit by a large rock thrown by a cyclops

Vault maps used:
D:1:      dpeg_arrival_arbitrary_a
D:2:      wad_woods_settlement, uniq_robin
D:3:      minitemple, first_bread, gup_sewer_entry_bubbles
D:5:      minmay_temple_entry_purple_smoke
D:6:      uniq_crazy_yiuf_cottage
D:8:      kennysheep_ying_yang, uniq_grum
D:9:      david_nohive_1
D:10:     erik_lair_dragon
D:11:     minmay_hollow_rounded_squares, uniq_urug
D:12:     uniq_psyche
D:13:     serial_shops, kennysheep_mini_moat, special_room, nooodl_food_tri,
          uniq_frances, uniq_nessos
D:14:     erik_vaults_1, serial_park_tiny_pond, serial_shops, shop_statue,
          serial_undead, serial_undead_c, serial_undead_f, serial_undead_e,
          serial_undead_d
Temple:   lightli_temple_of_artemis
Lair:1:   lemuel_ratsnest, grunt_forest_large_clearings
Lair:2:   nicolae_spider_entry_tight_spaces, infiniplex_staircase_pool_2
Lair:3:   minmay_shoals_entry_centaurs, grunt_megastairs_1, uniq_gastronok
Lair:4:   lemuel_fruit_fields, lemuel_fruit_fields, uniq_rupert
Lair:5:   grunt_forest_small_clearings, st_stairs_11, minivault_24,
          serial_bayou_pond_b, serial_bayou_shore_a
Lair:6:   cheibrodos_lair_end_hotspot, slime_altar_1
Sewer:    sewer_kobolds

Skill      XL: |  1  2  3  4  5  6  7  8  9 10 11 12 13 14 15 |
---------------+----------------------------------------------+-----
Polearms       | 4 5 6 7 8 9 |  9.0
Hexes          | 1 2 3 5 6 7 9 |  9.0
Necromancy     | 1 2 4 6 7 9 |  9.1
Charms         | 5 7 8 9 |  9.1
Spellcasting   | 4 5 7 8 9 |  9.1
Armour         | 3 4 6 8 9 |  9.0
Fighting       | 4 6 8 9 |  9.0
Dodging        | 4 6 8 9 |  9.0
Slings         | 3 6 8 9 |  9.0
Translocations | 4 6 7 9 |  9.1
Evocations     | 3 5 7 8 |  8.0
Invocations    | 3 5 7 8 9 |  9.0
Stealth        | 10 | 10.0
Throwing       | 8 9 |  9.4
Maces & Flails | 8 |  8.5

Action                   |  1- 3 |  4- 6 |  7- 9 | 10-12 | 13-15 || total
-------------------------+-------+-------+-------+-------+-------++-------
Melee: Spear             |   133 |   205 |   116 |   846 |   706 ||  2006
       Bite              |     8 |    20 |    35 |   100 |   137 ||   300
       Trident           |       |       |   285 |    42 |       ||   327
       Kick              |       |       |       |   127 |       ||   127
       Punch             |       |       |       |     3 |     1 ||     4
       Demon trident     |       |       |       |       |    56 ||    56
       Demon whip        |       |       |       |       |   255 ||   255
       War axe           |       |       |       |       |    14 ||    14
       Glaive            |       |       |       |       |    13 ||    13
       Eudemon blade     |       |       |       |       |    67 ||    67
 Fire: Hunting sling     |       |       |       |     9 |    90 ||    99
       Fustibalus        |       |       |       |     3 |       ||     3
Throw: Stone             |     5 |    91 |    63 |    64 |   129 ||   352
 Cast: Infusion          |    19 |    24 |     7 |     9 |    11 ||    70
       Spectral Weapon   |       |    14 |    40 |    72 |    97 ||   223
       Regeneration      |       |     6 |    16 |    44 |    66 ||   132
       Shroud of Golubri |       |       |       |    32 |    36 ||    68
Invok: Heroism           |       |       |     1 |     3 |     5 ||     9
       Finesse           |       |       |       |       |     2 ||     2
Evoke: Wand              |       |       |       |     1 |       ||     1
       Box of beasts     |       |       |       |       |     2 ||     2
       Phantom mirror    |       |       |       |       |     1 ||     1
  Use: Scroll            |       |     7 |     6 |     9 |    20 ||    42
       Potion            |       |       |     2 |     2 |     8 ||    12
 Stab: Sleeping          |     1 |     1 |     2 |       |     9 ||    13
       Distracted        |       |     1 |     5 |    12 |    13 ||    31
       Invisible         |       |       |       |       |     1 ||     1
  Eat: Chunk             |     1 |    11 |    15 |    21 |    43 ||    91
       Meat ration       |       |       |     1 |       |       ||     1
       Royal jelly       |       |       |       |     2 |       ||     2
Armor: Leather armour    |    23 |    24 |    82 |   130 |   301 ||   560
Dodge: Dodged            |    58 |    59 |   210 |   583 |   760 ||  1670
Block: Other             |       |       |       |    85 |   149 ||   234
       Rpst.: Eudemon blade |       |       |       |       |    28 ||    28

Vault maps used:
D:1:      dpeg_arrival_arbitrary_a
D:2:      wad_woods_settlement, uniq_robin
D:3:      minitemple, first_bread, gup_sewer_entry_bubbles
D:5:      minmay_temple_entry_purple_smoke
D:6:      uniq_crazy_yiuf_cottage
D:8:      kennysheep_ying_yang, uniq_grum
D:9:      david_nohive_1
D:10:     erik_lair_dragon
D:11:     minmay_hollow_rounded_squares, uniq_urug
D:12:     uniq_psyche
D:13:     serial_shops, kennysheep_mini_moat, special_room, nooodl_food_tri,
          uniq_frances, uniq_nessos
D:14:     erik_vaults_1, serial_park_tiny_pond, serial_shops, shop_statue,
          serial_undead, serial_undead_c, serial_undead_f, serial_undead_e,
          serial_undead_d
Temple:   lightli_temple_of_artemis
Lair:1:   lemuel_ratsnest, grunt_forest_large_clearings
Lair:2:   nicolae_spider_entry_tight_spaces, infiniplex_staircase_pool_2
Lair:3:   minmay_shoals_entry_centaurs, grunt_megastairs_1, uniq_gastronok
Lair:4:   lemuel_fruit_fields, lemuel_fruit_fields, uniq_rupert
Lair:5:   grunt_forest_small_clearings, st_stairs_11, minivault_24,
          serial_bayou_pond_b, serial_bayou_shore_a
Lair:6:   cheibrodos_lair_end_hotspot, slime_altar_1
Sewer:    sewer_kobolds

Table legend:
 A = Turns spent in this place as a percentage of turns spent in the entire game.
 B = Non-inter-level travel turns spent in this place as a percentage of non-inter-level travel turns spent in the entire game.
 C = Inter-level travel turns spent in this place as a percentage of turns spent in this place.
 D = Turns resting spent in this place as a percentage of non-inter-level travel turns spent in this place.
 E = Turns spent auto-exploring this place as a percentage of non-inter-level travel turns spent in this place.
 F = Non-inter-level travel turns spent in this place divided by the number of levels of this place that you've seen.
                   A       B       C       D       E      F
               +-------+-------+-------+-------+-------+----------------------
         Total | 100.0 | 100.0 |   0.4 |   2.4 |   7.6 | 375.0
       Dungeon |  57.4 |  57.4 |   0.4 |   2.1 |   8.6 | 338.2
        Temple |   0.1 |   0.1 |  14.3 |   0.0 |  50.0 |   6.0
          Lair |  41.2 |  41.3 |   0.3 |   2.7 |   6.1 | 567.3
         Sewer |   1.3 |   1.3 |   0.0 |   1.9 |   6.7 | 104.0
               +-------+-------+-------+-------+-------+----------------------

Table legend:
 A = Kills in this place as a percentage of kills in entire the game.
 B = Kills by you in this place as a percentage of kills by you in the entire game.
 C = Kills by friends in this place as a percentage of kills by friends in the entire game.
 D = Other kills in this place as a percentage of other kills in the entire game.
 E = Experience gained in this place as a percentage of experience gained in the entire game.
 F = Experience gained in this place divided by the number of levels of this place that you have seen.
                   A       B       C       D       E      F
               +-------+-------+-------+-------+-------+----------------------
         Total | 100.0 | 100.0 |  -nan |  -nan | 100.0 | 4947.3
       Dungeon |  58.8 |  58.8 |  -nan |  -nan |  41.2 | 3200.0
          Lair |  39.6 |  39.6 |  -nan |  -nan |  58.7 | 10651.3
         Sewer |   1.6 |   1.6 |  -nan |  -nan |   0.1 | 133.0
               +-------+-------+-------+-------+-------+----------------------
